Map: King's Cove LE

Players

DnS

  • Race: Protoss Protoss
  • Spawn Location: 11:00

Elazer - Winner!

  • Race: Zerg Zerg
  • Spawn Location: 5:00

Event: IEM Season 13: Katowice (2019)

VOD

Have the link to the VOD?

Description

Time

  • Played on: Feb. 26, 2019, 12:13 p.m.
  • Length: 11:34

All games in this series

Show
View Real Time Build Order
Export as new Build Order

DnS Protoss 

Build Orders: 1 Gate Expand, Archon Immortal, Archon Drop, Dark Templar Rush 

Get SALT Encoding   

  12  0:00  Probe  
  13  0:12  Probe  
  14  0:18  Pylon  
  14  0:24  Probe  
  15  0:32  Probe  
  15  0:39  Gateway  
  15  0:40  Probe  
  16  0:47  Assimilator  
  17  0:51  Probe  
  18  1:03  Probe  
  19  1:15  Probe  
  20  1:25  Nexus  
  20  1:35  Cybernetics Core  
  20  1:37  Probe  
  21  1:45  Assimilator  
  21  1:51  Pylon  
  21  1:53  Probe  
  22  2:02  Adept  
  22  2:04  Probe  
  23  2:12  Probe  
  25  2:20  Twilight Council, Probe  
  26  2:24  Warp Gate  
  27  2:32  Probe  
  27  2:34  Probe, Stalker  
  30  2:43  Probe  
  30  2:44  Probe  
  33  2:53  Probe  
  33  2:56  Probe  
  35  3:03  Probe, Robotics Facility  
  36  3:08  Probe  
  36  3:11  Probe  
  37  3:19  Probe  
  38  3:20  Dark Shrine, Probe  
  40  3:31  Probe  
  40  3:32  Probe  
  40  3:33  Gateway  
  42  3:40  Warp Prism  
  42  3:42  Gateway  
  42  3:43  Probe  
  42  3:47  Gateway, Probe  
  46  3:58  Assimilator  
  46  3:59  Pylon  
  46  4:00  Assimilator  
  46  4:03  Pylon  
  46  4:17  Probe x2  
  48  4:29  Probe x2  
  50  4:40  Dark Templar x2, Observer  
  50  4:41  Dark Templar x2, Probe  
  50  4:43  Probe  
  60  4:45  Archon  
  60  4:46  Archon  
  61  4:53  Pylon  
  61  4:55  Nexus  
  61  4:58  Probe  
  62  5:00  Immortal  
  62  5:09  Pylon  
  62  5:11  Probe  
  62  5:13  Zealot  
  69  5:16  Probe  
  70  5:23  Pylon  
  70  5:26  Pylon  
  70  5:27  Sentry, Probe  
  70  5:28  Sentry x2  
  77  5:31  Probe  
  77  5:34  Forge  
  78  5:37  Immortal  
  78  5:41  Probe  
  79  5:43  Probe  
  84  5:53  Probe, Charge  
  85  5:59  Sentry  
  85  6:00  Protoss Ground Weapons Level 1  
  85  6:02  Probe  
  88  6:05  Gateway  
  88  6:06  Pylon  
  88  6:08  Gateway  
  88  6:13  Probe  
  88  6:14  Probe x2  
  91  6:26  Immortal, Probe x2  
  91  6:27  Zealot  
  91  6:31  Probe  
  100  6:44  Gateway  
  100  6:46  Probe  
  101  6:47  Dark Templar, Gateway  
  101  6:48  Dark Templar  
  101  6:49  Probe, Assimilator  
  101  6:50  Pylon  
  101  6:52  Archon  
  106  6:57  Immortal, Probe, Assimilator  
  106  6:59  Pylon  
  107  7:04  Probe x2  
  113  7:09  Pylon  
  113  7:16  Gateway, Probe x2  
  113  7:17  Gateway  
  113  7:19  Protoss Ground Weapons Level 2  
  113  7:20  Dark Templar  
  117  7:24  Immortal  
  117  7:25  Dark Templar  
  119  7:34  Archon  
  123  7:40  Dark Templar x2  
  127  7:44  Sentry x2  
  127  7:47  Shield Battery  
  127  7:48  Shield Battery  
  127  7:50  Pylon  
  131  7:52  Pylon  
  131  7:53  Pylon  
  131  7:56  Immortal  
  131  8:05  Pylon  
  135  8:06  Pylon  
  133  8:13  Zealot x5  
  143  8:25  Dark Templar x2, Zealot  
  149  8:30  Photon Cannon, Archon  
  149  8:31  Pylon  
  147  8:44  Zealot x5  
  147  8:46  Zealot  
  159  8:49  Pylon  
  159  8:54  Immortal  
  127  9:05  Zealot x2  
  127  9:06  Zealot x4  
  125  9:24  Dark Templar, Zealot x3  
  107  9:25  Warp Prism  
  99  9:35  Dark Templar x4  
  87  10:01  Zealot x2  
  87  10:02  Zealot x2  
  95  10:14  Zealot x4  
  95  10:17  Immortal  
  95  10:21  Templar Archives  
  107  10:26  Dark Templar x2  
  101  10:31  Archon  
  87  10:35  Zealot x3  
  87  10:36  Zealot x3  
  98  10:44  Immortal, Archon  
  98  10:54  Nexus  
  100  11:03  Zealot x6  
  104  11:11  Zealot  
  104  11:12  Zealot  
  94  11:30  Zealot  
  94  11:31  Zealot x4  
Show
View Real Time Build Order
Export as new Build Order

Elazer Zerg - Winner!

Build Orders: Hatch First, Swarm Host 

Get SALT Encoding   

  12  0:00  Drone  
  13  0:12  Overlord  
  13  0:17  Drone  
  14  0:30  Drone x2  
  16  0:49  Hatchery  
  15  0:52  Drone  
  15  0:55  Drone  
  17  0:59  Drone  
  18  1:09  Extractor  
  17  1:14  Spawning Pool  
  17  1:18  Drone  
  17  1:21  Drone  
  18  1:29  Drone  
  19  1:38  Drone  
  20  1:50  Drone  
  21  1:59  Overlord  
  21  2:01  Queen x2  
  21  2:02  Zergling x2  
  26  2:11  Zergling x2, Drone  
  30  2:22  Drone x2  
  30  2:33  Drone  
  30  2:35  Hatchery  
  30  2:37  Drone  
  31  2:44  Queen  
  31  2:49  Overlord  
  33  2:51  Drone  
  33  2:55  Drone  
  33  2:56  Drone  
  36  3:08  Overlord  
  36  3:09  Drone x2  
  36  3:11  Drone x3  
  41  3:13  Drone  
  42  3:20  Queen  
  42  3:26  Drone x3  
  47  3:27  Drone  
  47  3:29  Drone  
  49  3:35  Lair  
  49  3:41  Drone x3  
  52  3:47  Roach Warren  
  52  3:48  Extractor, Drone  
  51  3:50  Drone  
  51  3:52  Drone  
  51  3:54  Drone  
  55  3:55  Drone  
  55  3:57  Drone  
  55  3:58  Drone  
  55  4:01  Extractor  
  56  4:03  Drone x2  
  56  4:08  Overlord  
  58  4:12  Overlord  
  58  4:15  Overlord  
  58  4:26  Overlord  
  58  4:28  Roach x4  
  58  4:31  Roach x3  
  72  4:32  Overseer  
  72  4:38  Glial Reconstitution  
  72  4:39  Roach  
  72  4:45  Overlord  
  74  4:47  Roach  
  74  4:48  Drone x4  
  74  4:50  Drone  
  81  4:54  Overlord  
  81  4:55  Overseer  
  81  4:59  Overlord  
  81  5:00  Roach x2  
  81  5:04  Overlord  
  85  5:08  Evolution Chamber, Drone  
  85  5:09  Drone  
  85  5:11  Extractor, Overlord  
  85  5:14  Roach  
  87  5:21  Overlord  
  87  5:23  Roach  
  87  5:24  Roach x3  
  87  5:26  Drone  
  87  5:27  Spore Crawler  
  95  5:32  Drone x4  
  95  5:34  Zerg Missile Weapons Level 1  
  99  5:36  Drone  
  99  5:39  Extractor  
  99  5:40  Drone x3  
  102  5:50  Overlord  
  102  5:51  Drone x4  
  102  5:56  Extractor  
  105  5:59  Drone x3  
  108  6:07  Roach x2, Drone  
  108  6:10  Overlord  
  108  6:11  Roach, Hatchery  
  112  6:15  Roach x2  
  118  6:19  Overlord  
  118  6:20  Roach x2  
  118  6:22  Overlord  
  118  6:24  Roach  
  124  6:26  Ravager x3  
  124  6:27  Ravager x2  
  124  6:29  Ravager  
  124  6:30  Overlord  
  129  6:36  Overlord  
  129  6:38  Roach x3  
  134  6:44  Overlord  
  134  6:48  Drone x2  
  134  6:51  Overlord  
  134  6:53  Infestation Pit  
  135  6:56  Drone  
  135  6:57  Roach x4  
  135  6:58  Roach  
  146  7:02  Extractor  
  146  7:03  Overlord x2  
  146  7:06  Roach x3  
  151  7:16  Overlord  
  151  7:17  Roach x5  
  161  7:29  Swarm Host x5  
  161  7:32  Zerg Missile Weapons Level 2  
  176  7:42  Swarm Host x4  
  188  7:45  Swarm Host  
  191  7:55  Swarm Host x2  
  197  8:03  Nydus Network  
  196  8:11  Swarm Host  
  196  8:12  Swarm Host x2  
  198  8:23  Overseer  
  198  8:24  Drone x2  
  198  8:25  Drone  
  194  8:30  Drone x5  
  194  8:31  Drone  
  194  8:32  Drone x3  
  198  8:39  Ravager  
  198  8:40  Overlord  
  196  8:54  Roach x11  
  198  8:56  Drone  
  198  9:02  Nydus Canal  
  198  9:05  Overlord  
  198  9:07  Ravager  
  196  9:10  Overlord  
  153  9:26  Roach x12  
  161  9:31  Overlord  
  161  9:34  Roach x2  
  151  9:44  Overlord  
  147  9:46  Roach x3, Pneumatized Carapace  
  147  9:49  Hive  
  153  9:57  Nydus Canal  
  153  10:01  Drone x5  
  153  10:06  Roach x6  
  170  10:14  Roach x3  
  176  10:17  Ravager x2  
  178  10:22  Nydus Canal  
  175  10:29  Roach x6  
  175  10:35  Roach x4  
  195  10:42  Roach x3  
  195  10:52  Nydus Canal  
  195  10:54  Drone x2  
  195  10:55  Drone x3  
  199  11:02  Nydus Canal  
  199  11:08  Hatchery  
  194  11:12  Roach x3  
  194  11:22  Nydus Canal  

Tags
 
Add a new tag
Caveats
  • Supply blocks, unpowered buildings, or Contaminate may cause inaccurate times.
  • Supply counts are checked every 10 seconds.